 Dungeon Crawl Stone Soup version 0.30-b1-2-g02819fbbbe (webtiles) character file.

Game seed: 14918982656757258744

67 raph the Slasher (level 3, 0/33 HPs)
             Began as a Minotaur Fighter on Oct 14, 2023.
             Slain by a gnoll
             ... wielding a +0 halberd
              (9 damage)
             ... on level 3 of the Dungeon.
             The game lasted 00:08:43 (1820 turns).

raph the Slasher (Minotaur Fighter)                 Turns: 1820, Time: 00:08:44

Health: 0/33       AC:  9    Str: 20    XL:     3   Next: 98%
Magic:  2/2        EV:  7    Int:  5    God:
Gold:   107        SH:  4    Dex: 11    Spells: 2/2 levels left

rFire   . . .        a - +0 long sword
rCold   . . .        c - +0 buckler
rNeg    . . .        v - +0 chain mail
rPois   .            (helmet restricted)
rElec   .            (no cloak)
rCorr   .            (no gloves)
SInv    .            (no boots)
Will    .....        (no amulet) Stlth
                     (no ring)
HPRegen 0.25/turn    (no ring)
MPRegen 0.08/turn

%: no passive effects
@: no status effects
A: horns 2, retaliatory headbutt
a: no special abilities


You were on level 3 of the Dungeon.
You visited 1 branch of the dungeon, and saw 3 of its levels.

You collected 107 gold pieces.

Inventory:

Hand Weapons
 a - a +0 long sword (weapon)
Missiles
 i - 3 poisoned darts (quivered)
Armour
 b - a +0 scale mail
 c - a +0 buckler (worn)
 v - a +0 chain mail (worn)
Jewellery
 r - an amulet of guardian spirit
Scrolls
 f - a scroll of magic mapping {unknown}
 h - 4 scrolls of identify
 k - a scroll of enchant weapon {unknown}
 o - 2 scrolls of blinking {unknown}
 p - a scroll of acquirement {unknown}
 s - a scroll of poison {unknown}
 t - a scroll of fear {unknown}
 u - 2 scrolls of teleportation {unknown}
 w - a scroll of silence {unknown}
Potions
 d - 2 potions of might
 e - a potion of haste {unknown}
 g - 2 potions of curing
 j - 2 potions of attraction {unknown}
 l - a potion of mutation {unknown}
 m - a potion of lignification {unknown}
 n - 2 potions of brilliance {unknown}
 q - a potion of heal wounds {unknown}


   Skills:
 - Level 4.0 Fighting
 + Level 4.3 Long Blades
 - Level 4.0 Armour
 - Level 4.0 Shields


You had 2 spell levels left.
You didn't know any spells.
Your spell library contained the following spells:

 Spells                   Type           Power      Damage    Failure   Level
 Ensorcelled Hibernation  Hex/Ice        0%         N/A       100%        2
 Passwall                 Tmut/Erth      0%         N/A       100%        2
 Swiftness                Air            0%         N/A       100%        3


Dungeon Overview and Level Annotations

Branches:
Dungeon (3/15)

Altars:


Innate Abilities, Weirdness & Mutations

You have a pair of horns on your head.
You reflexively headbutt those who attack you in melee.


Message History

Found 4 stones.
The gnoll shouts!
You hear a shout!
The gnoll hits you from afar with a +0 spear. 2 gnolls come into view.
The gnoll shouts! x2; You hear a shout!
You block the gnoll's attack.
You hit the gnoll. You headbutt the gnoll.
The gnoll is severely wounded.
The gnoll hits you with a +0 spear.
A gnoll comes into view. It is wielding a +0 spear.
You barely miss the gnoll.
The gnoll is severely wounded.
The gnoll barely misses you. x2; The gnoll closely misses you.
You slash the gnoll!
You kill the gnoll!
The gnoll hits you from afar with a +0 halberd.
You block the gnoll's attack. You block the gnoll's attack.
The gnoll hits you from afar with a +0 spear.
The gnoll hits you but does no damage.
Things that are here:
a +0 spear; a throwing net; a gnoll corpse You barely miss the gnoll.
The gnoll closely misses you.
The gnoll hits you but does no damage. x2
The gnoll hits you with a +0 halberd!
The gnoll hits you from afar with a +0 spear!
* * * LOW HITPOINT WARNING * * *
The gnoll hits you with a +0 spear.
* * * LOW HITPOINT WARNING * * *
You are too injured to fight recklessly!
You are too injured to fight recklessly!
As you read the scroll labelled YSEOPH JEVO, it crumbles to dust.
It is a scroll of identify.
g - 2 potions of curing You block the gnoll's attack.
The gnoll hits you but does no damage. x2
The gnoll hits you but does no damage. The gnoll barely misses you.
Really walk into that dispersal trap?
You enter a dispersal trap!
The gnoll blinks!
You blink.
The gnoll hits you from afar with a +0 halberd!
You die...

### ## #.. #.. ..# #.# #.#
##.## #.# #.# ...# ##.## #.#
#..# #...# #.# #.)#
#...######## #####.######
#..# #...#.......
#........†.#
##.<####.###.#####.
#.###....#.####.@..).......#
#. #.#
####.#.........###.##### #.
#.# #........g...##.# ##.
#.# #.#...§......##.# #..
#.# #.#§####.##..##.# #.#
#.# #.#.#
#.......#.########.# #.#
##.#g# #..##...†.......>..#
#.# #..#g# #..##...#.#######
# #.# #..#.#
#..##...#.##########


You could see a gnoll.

Vanquished Creatures
  A gnoll (D:3)
  2 dart slugs
  An orc (D:3)
  4 ball pythons
  5 bats
  9 endoplasms
  3 giant cockroaches
  4 goblins
  5 hobgoblins
  3 jackals (D:2)
  A quokka (D:2)
  3 frilled lizards
  3 kobolds
  2 rats (D:3)
46 creatures vanquished.

Notes
Turn   | Place    | Note
-------+----------+-------------------------------------------
     0 | D:1      | raph the Minotaur Fighter began the quest for the Orb.
     0 | D:1      | Reached XP level 1. HP: 19/19 MP: 0/0
   186 | D:1      | Reached XP level 2. HP: 23/27 MP: 1/1
   909 | D:2      | Reached XP level 3. HP: 33/33 MP: 2/2
  1820 | D:3      | Slain by a gnoll

Illustrated notes

Levels and vault maps discovered:
D:1:      dpeg_arrival_three_same_balls, layout_basic
D:2:      layout_loops_ring
D:3:      layout_loops_ring, kennysheep_pointless_box, minmay_misc_feat_ornament

Skill      XL: |  1  2  3 |
---------------+----------+-----
Armour         | 4 |  4.0
Fighting       | 4 |  4.0
Shields        | 4 |  4.0
Long Blades    | 3 4 |  4.3

Action                     || total
---------------------------++-------
  Melee: Long sword        ||   110
         Headbutt          ||    20
    Use: Scroll            ||     1
 Armour: Scale mail        ||    45
         Chain mail        ||    15
  Dodge: Dodged            ||    50
  Block: Buckler           ||    27
